 Dungeon Crawl Stone Soup version 0.29-a0-1047-g7c58e119a4 (webtiles) character file.

Game seed: 2290186359333780246

889 polve the Cleaver (level 7, -3/52 HPs)
             Began as a Demonspawn Abyssal Knight on Aug 16, 2022.
             Was a Priest of Lugonu.
             Slain by a black bear (5 damage)
             ... on level 4 of the Dungeon.
             The game lasted 00:04:08 (4724 turns).

polve the Cleaver (Demonspawn Abyssal Knight)       Turns: 4724, Time: 00:04:09

Health: -3/52      AC:  6    Str: 15    XL:     7   Next: 77%
Magic:  8/8        EV: 11    Int: 11    God:    Lugonu [***...]
Gold:   136        SH:  0    Dex: 14    Spells: 6/6 levels left

rFire   . . .      SeeInvis .   a - +2 hand axe
rCold   . . .      Faith    .   (no shield)
rNeg    . . .      Spirit   .   c - +0 scale mail
rPois   .          Reflect  .   (helmet restricted)
rElec   .          Harm     .   (no cloak)
rCorr   .          Rampage  .   (no gloves)
Will    .....                   (no boots)
Stlth   ..........              (no amulet)
HPRegen 0.17/turn               (no ring)
MPRegen 0.11/turn               (no ring)

@: agile, grasped by roots, constricted
A: horns 2, foul stench 1, powered by pain 1
a: Renounce Religion, Depart the Abyss, Bend Space, Banish


You were on level 4 of the Dungeon.
You worshipped Lugonu.
Lugonu was most pleased with you.
You visited 1 branch of the dungeon, and saw 4 of its levels.
You visited the Abyss 1 time.

You collected 136 gold pieces.

Inventory:

Hand Weapons
 a - a +2 hand axe (weapon)
Armour
 b - a +0 leather armour
 c - a +0 scale mail (worn)
Jewellery
 e - a ring of resist corrosion
 j - a ring of protection from fire
Wands
 i - a wand of charming (6)
Scrolls
 f - a scroll of magic mapping {unknown}
 l - 3 scrolls of identify
 m - a scroll of blinking {unknown}
Potions
 d - a potion of degeneration
 h - a potion of curing


   Skills:
 - Level 3.0 Fighting
 + Level 8.3 Axes
 - Level 1.7 Armour
 - Level 0.8 Dodging
 - Level 2.4 Invocations


You had 6 spell levels left.
You didn't know any spells.
Your spell library was empty.

Dungeon Overview and Level Annotations

Branches:
Dungeon (4/15)
 Temple: D:4-7

Altars:
Makhleb
Okawaru
Xom

Annotations:
D:4 Blork the orc


Innate Abilities, Weirdness & Mutations

You have a pair of horns on your head.
You may rarely emit foul miasma when damaged in melee.
You sometimes gain a little power by taking damage.


Message History

The orc priest is severely wounded.
You hit the black bear. You hit the orc.
The black bear bites you but does no damage.
The black bear claws you. The black bear barely misses you.
The orc completely misses you. The orc priest hits you with a +0 club.
You hit the orc priest.
You kill the orc priest!
Lugonu accepts your kill.
You hit the orc but do no damage. You barely miss the black bear.
The black bear closely misses you. The black bear claws you.
* * * LOW HITPOINT WARNING * * *
The black bear claws you.
* * * LOW HITPOINT WARNING * * *
The orc closely misses you.
An orc wizard comes into view. It is wielding a +0 dagger.
You slash the black bear!
The black bear is severely wounded.
You hit the orc but do no damage. x2
You hit the black bear. You headbutt the black bear!
The black bear is almost dead.
You hit the orc. You hit the orc but do no damage.
The black bear goes berserk!
The orc closely misses you.
Blork the orc zaps a wand.
The roots erupt in riotous growth!
The black bear is unaffected.
The orc is unaffected. x2; Blork the orc is unaffected.
The grasping roots grab you! The grasping roots constrict you.
The orc closely misses you.
You closely miss the black bear.
The black bear is almost dead.
You closely miss the orc. You hit the orc but do no damage.
The black bear bites you but does no damage.
The black bear claws you but does no damage. x2
The orc hits you with a +0 club.
* * * LOW HITPOINT WARNING * * *
Blork the orc mumbles some strange words.
Blork the orc seems to speed up.
The grasping roots constrict you.
* * * LOW HITPOINT WARNING * * *
The orc hits you but does no damage. The black bear bites you!
* * * LOW HITPOINT WARNING * * *
The black bear completely misses you. The black bear claws you.
You die...

#..........# '..........
#.......... #.........
#........# #####
#.......o# #....
#.......o# #.###
#......oh# ####.#..
#......o@# #......#
#.......)# #......#
#......).# #......#
###.....## #......#
#.....# #....†.# #.....#
#......# #.....# #......#
###.....##########......#
'................'.......


You could see Blork the orc (fast), a black bear (berserk), an orc wizard and 2
orcs.

Vanquished Creatures
  Pikel (D:4)
  Sigmund (D:3)
  Eustachio (D:4)
  2 orc priests (D:4)
  3 adders
  3 worms
  2 dart slugs
  6 orcs
  8 endoplasms
  4 giant cockroaches
  6 goblins
  A hobgoblin (D:2)
  6 jackals
  6 kobolds
  A quokka (D:1)
  5 ball pythons
  7 bats
  2 frilled lizards (D:2)
  4 rats
69 creatures vanquished.

Vanquished Creatures (collateral kills)
  A goblin (D:2)
1 creature vanquished.

Grand Total: 70 creatures vanquished

Notes
Turn   | Place    | Note
-------+----------+-------------------------------------------
     0 | Abyss:1  | polve the Demonspawn Abyssal Knight began the quest for the
                  | Orb.
     0 | Abyss:1  | Reached XP level 1. HP: 18/18 MP: 2/2
     0 | D:1      | Escaped the Abyss
   153 | D:1      | Reached skill level 2 in Axes
   484 | D:1      | Gained mutation: You may rarely emit foul miasma when
                  | damaged in melee. [demonic ancestry]
   484 | D:1      | Reached XP level 2. HP: 16/24 MP: 3/3
   980 | D:1      | Reached skill level 3 in Axes
  1717 | D:2      | Reached XP level 3. HP: 29/29 MP: 4/4
  2160 | D:2      | Found a faded altar of an unknown god.
  2507 | D:3      | Found a burning altar of Makhleb.
  2507 | D:3      | Noticed a blizzard demon
  2514 | D:3      | Noticed Sigmund
  2594 | D:3      | HP: 1/29 [Sigmund/+2 scythe of protection (12)]
  2598 | D:3      | Killed Sigmund
  2599 | D:3      | Reached skill level 5 in Axes
  2599 | D:3      | Reached XP level 4. HP: 8/35 MP: 5/5
  2599 | D:3      | Gained mutation: You have a pair of small horns on your
                  | head. [demonic ancestry]
  2599 | D:3      | Reached XP level 5. HP: 9/41 MP: 6/6
  3070 | D:3      | Found an iron altar of Okawaru.
  3139 | D:3      | Found a shimmering altar of Xom.
  3306 | D:3      | Reached *** piety under Lugonu
  4406 | D:4      | Noticed Eustachio
  4407 | D:4      | Noticed Pikel
  4407 | D:4      | Noticed a lemure
  4407 | D:4      | Noticed a lemure
  4407 | D:4      | Noticed a lemure
  4407 | D:4      | Noticed a lemure
  4443 | D:4      | Killed Pikel
  4444 | D:4      | Reached skill level 7 in Axes
  4444 | D:4      | Gained mutation: You have a pair of horns on your head.
                  | [demonic ancestry]
  4444 | D:4      | Reached XP level 6. HP: 39/47 MP: 7/7
  4444 | D:4      | Gained mutation: You sometimes gain a little power by
                  | taking damage. [demonic ancestry]
  4444 | D:4      | Reached XP level 7. HP: 44/52 MP: 8/8
  4466 | D:4      | Killed Eustachio
  4467 | D:4      | Reached skill level 8 in Axes
  4706 | D:4      | Noticed Blork the orc
  4715 | D:4      | HP: 2/52 [orc/+0 club (2)]
  4724 | D:4      | HP: 2/52 [black bear (8)]
  4724 | D:4      | Slain by a black bear

Illustrated notes

Levels and vault maps discovered:
D:1:      roderic_octagonal_star, layout_loops_corners, minmay_hexomino_c4
D:2:      layout_basic, shapermc_ecumenical_altar_mp_vishouse,
          wander_ebering_terrifying_dragon_lair
D:3:      layout_basic, xom_teletrap_fun, mainiacjoe_overflow_paths,
          makhleb_altar_promises_db, wad_orctagon, uniq_sigmund
D:4:      layout_basic, ebering_ghost_rock_garden, kennysheep_doodads,
          uniq_eustachio, uniq_blork_the_orc, uniq_pikel

Skill      XL: |  1  2  3  4  5  6  7 |
---------------+----------------------+-----
Axes           | 2 3 5 7 8 |  8.3
Fighting       | |  3.0
Armour         | |  1.7
Dodging        | |  0.8
Invocations    | |  2.4

Action                   |  1- 3 |  4- 6 |  7- 9 || total
-------------------------+-------+-------+-------++-------
Melee: Hand axe          |   126 |    47 |    21 ||   194
       Punch             |     1 |       |     1 ||     2
       Headbutt          |       |     9 |     8 ||    17
       Unarmed           |       |     6 |    17 ||    23
Invok: Depart the Abyss  |     1 |       |       ||     1
  Use: Scroll            |     8 |       |       ||     8
       Potion            |     7 |     1 |     2 ||    10
 Stab: Distracted        |     1 |       |       ||     1
Armor: Scale mail        |    53 |    29 |    16 ||    98
       Leather armour    |     4 |       |       ||     4
       Skin              |       |     1 |    42 ||    43
Dodge: Dodged            |    71 |    26 |    27 ||   124

Table legend: (Time is in decaauts)
 A = Elapsed time spent in this place.
 B = Non-inter-level travel time spent in this place.
 C = Inter-level travel time spent in this place.
 D = Time resting spent in this place.
 E = Time spent auto-exploring this place.
 F = Levels seen in this place.
 G = Mean time per level.
                   A        B        C        D        E       F      G
               +--------+--------+--------+--------+--------+-----+--------+
         Total |   4741 |   4624 |    117 |     16 |   4058 |   5 |  948.2 |
       Dungeon |   4741 |   4624 |    117 |     16 |   4058 |   4 | 1185.2 |
         Abyss |      0 |      0 |      0 |      0 |      0 |   1 |    0.0 |
               +--------+--------+--------+--------+--------+-----+--------+

Top non-repeatable levels by time:
     D:1: 1701 daAuts
     D:3: 1636 daAuts
     D:2: 863 daAuts
     D:4: 539 daAuts
